 Dungeon Crawl Stone Soup version 0.23-a0-703-gdf2d5e0 (webtiles) character file.

3881 Lilu the Thaumaturge (level 10, -16/50 HPs)
             Began as a Deep Elf Conjurer on Jan 13, 2019.
             Was a Priest of Hepliaklqana.
             Killed by the air
             ... invoked by Gastronok
              (40 damage)
             ... on level 8 of the Dungeon.
             The game lasted 00:28:44 (8316 turns).

Lilu the Thaumaturge (Deep Elf Conjurer)            Turns: 8316, Time: 00:28:44

Health: -16/50     AC:  6    Str:  5    XL:     10   Next: 0%
Magic:  22/25      EV: 24    Int: 24    God:    Hepliaklqana [***...]
Gold:   365        SH:  0    Dex: 15    Spells: 16/27 levels left

rFire    . . .     SeeInvis .   e - +2 dagger (freeze)
rCold    . . .     Gourm    .   (no shield)
rNeg     . . .     Faith    .   t - +0 robe (curse)
rPois    .         Spirit   .   n - +0 helmet
rElec    .         Reflect  .   d - +0 cloak
rCorr    .         Harm     .   (no gloves)
MR       +....                  B - +1 pair of boots {Fly}
Stlth    ++++......             (no amulet)
HPRegen  0.16/turn              A - +5 ring of evasion
MPRegen  0.19/turn              x - +2 ring of evasion

@: flying
A: reduced essence
a: Recall Ancestor, Ancestor Identity, Transference, Renounce Religion, Stop
Flying


You were on level 8 of the Dungeon.
You worshipped Hepliaklqana.
Hepliaklqana was most pleased with you.
You were not hungry.

You visited 1 branch of the dungeon, and saw 8 of its levels.
You also visited: Ossuary.

You collected 365 gold pieces.

Inventory:

Hand Weapons
 e - a +2 dagger of freezing (weapon)
Missiles
 y - 23 poisoned needles
Armour
 a - a +0 robe
 d - a +0 cloak (worn)
 n - a +0 helmet (worn)
 q - a +0 shield
 t - a cursed +0 robe (worn)
 w - a +0 leather armour
 B - a +1 pair of boots of flying (worn)
Jewellery
 j - a +3 ring of dexterity
 v - a +4 ring of dexterity
 x - a +2 ring of evasion (right hand)
 A - a +5 ring of evasion (left hand)
Wands
 J - a wand of polymorph (6)
 K - a wand of disintegration (12)
Scrolls
 g - 2 scrolls of enchant armour {unknown}
 h - 4 scrolls of immolation
 i - 6 scrolls of remove curse
 k - 2 scrolls of fog {unknown}
 o - 2 scrolls of amnesia {unknown}
 p - 3 scrolls of blinking {unknown}
 r - 2 scrolls of enchant weapon {unknown}
 u - 8 scrolls of teleportation {unknown}
 D - a scroll of fear {unknown}
 F - 3 scrolls of identify
 G - a scroll of magic mapping {unknown}
Potions
 b - a potion of heal wounds {unknown}
 f - a potion of ambrosia
 l - a potion of might
 m - 3 potions of curing
 s - 2 potions of haste
 z - a potion of berserk rage {unknown}
 C - 3 potions of mutation
 E - 2 potions of lignification
 H - a potion of agility {unknown}
Comestibles
 c - 8 rations


   Skills:
 + Level 3.6 Fighting
 + Level 8.1 Dodging
 + Level 8.0 Stealth
 + Level 9.1 Spellcasting
 + Level 8.5 Conjurations
 - Level 6.0 Hexes


You had 16 spell levels left.
You knew the following spells:

 Your Spells              Type           Power        Failure   Level  Hunger
a - Magic Dart            Conj           ####         1%          1    None
b - Searing Ray           Conj           ######       1%          2    None
c - Fulminant Prism       Conj/Hex       #####.....   3%          4    ##.....
d - Iskenderun's Mystic   Conj           ######..     1%          4    ##.....

Your spell library contained the following spells:

 Spells                   Type           Power        Failure   Level  Hunger
 Dazzling Spray           Conj/Hex       #####.       1%          3    None
 Force Lance              Conj/Tloc      ####....     10%         4    ##.....
 Malign Gateway           Summ/Tloc      ##........   100%        7    #######
 Monstrous Menagerie      Summ           ##........   100%        7    #######
 Summon Greater Demon     Summ           ##........   100%        7    #######
 Summon Horrible Things   Summ           ##........   100%        8    #######


Dungeon Overview and Level Annotations

Branches:
Dungeon (8/15)             Temple (0/1) D:4
   Lair: D:8-11

Altars:
Fedhas
Gozag
Hepliaklqana
Okawaru
Ru

Shops:
D:5 }   D:7 (

Annotations:
D:5 2 transporters, 5 runed doors, Ratty's ghost, amateur MiMo
D:8 Gastronok


Message History

Gastronok bites you!!
Ouch! That really hurt!
Your fulminant prism explodes!
The blast of energy engulfs Gastronok.
Gastronok is moderately wounded.
The blast of energy engulfs the phantom.
The phantom is almost destroyed.
You hear a bark!
The phantom barely misses Xochitl.
Xochitl hits the phantom but does no damage.
Casting: Fulminant Prism (safe; 3% risk of failure)
Confirm with . or Enter, or press ? or * to list all spells.
You don't know that spell.
Unknown command.
The phantom barely misses Xochitl.
Xochitl hits the phantom with a +0 dagger of draining.
Gastronok waves his eye-stalks in wide circles.
The air twists around and violently strikes you in flight!
Ouch! That really hurt!
You die...

....#####.....
####..... #......
#........##...#..
#....(#...##..#.#
###)...##........#
###......##.##.....#
#..#....)#...#.###..
#....#..)#.......##.
#.R@.#..##.......#..
#wW#..#..#...........
#..##................
##.###.........[.....
..##.....##........#
..#.......#.........
...#.................
................###.#
..............#


You could see the friendly Xochitl the hexer, Gastronok and a phantom.

Vanquished Creatures
  A troll (D:7)
  A hippogriff (D:7)
  Sigmund (D:5)
  A vampire (D:7)
  A water moccasin (D:6)
  A sky beast (D:5)
  2 necrophages
  2 ogres
  A centaur (D:6)
  2 bullfrogs
  A wyvern zombie (D:7)
  A wyvern skeleton (D:7)
  A scorpion (D:4)
  A howler monkey (D:5)
  5 crimson imps
  A bullfrog skeleton (D:5)
  5 hounds
  A jelly (D:6)
  4 orc priests
  7 orc wizards
  4 worker ants
  A mummy (Ossuary)
  Robin (D:2)
  7 adders
  An ancestor (D:5)
  6 gnolls
  A shadow imp (D:6)
  2 oozes
  3 worms
  3 dart slugs
  19 orcs
  5 bats
  11 giant cockroaches
  17 goblins
  9 hobgoblins
  8 jackals
  3 kobolds
  4 quokkas
  3 frilled lizards
  5 gnoll skeletons (Ossuary)
  A jackal zombie (D:6)
  5 kobold skeletons (Ossuary)
  A leopard gecko zombie (D:6)
  8 orc skeletons (Ossuary)
  A quokka skeleton (D:4)
  8 rats
177 creatures vanquished.

Vanquished Creatures (collateral kills)
  A wraith (Ossuary)
  A phantom (D:4)
  A black bear (D:7)
  2 ice beasts
  An ogre (D:5)
  2 centaurs
  A bullfrog (D:8)
  2 water moccasin skeletons
  A bullfrog zombie (D:7)
  2 hounds (D:7)
  A centaur skeleton (D:8)
  5 worker ants
  A gnoll (D:7)
  A shadow imp (D:5)
  An adder skeleton (D:4)
  2 leopard geckos
  5 orcs
  A bat (D:3)
  A quokka (D:7)
  3 kobold skeletons (Ossuary)
  4 orc skeletons (Ossuary)
39 creatures vanquished.

Vanquished Creatures (others)
  A hexer (D:7)
  16 fulminant prisms
17 creatures vanquished.

Grand Total: 233 creatures vanquished

Notes
Turn   | Place    | Note
-------+----------+-------------------------------------------
     0 | D:1      | Lilu the Deep Elf Conjurer began the quest for the Orb.
     0 | D:1      | Reached XP level 1. HP: 10/10 MP: 6/6
   226 | D:1      | Reached XP level 2. HP: 15/15 MP: 1/8
   289 | D:1      | Learned a level 2 spell: Searing Ray
   567 | D:1      | Reached XP level 3. HP: 19/19 MP: 10/10
  1012 | D:2      | Reached skill level 4 in Spellcasting
  1012 | D:2      | Reached skill level 5 in Conjurations
  1133 | D:2      | Reached XP level 4. HP: 21/24 MP: 6/12
  1319 | D:2      | Noticed Robin
  1374 | D:2      | Killed Robin
  1561 | D:2      | Reached XP level 5. HP: 13/28 MP: 3/14
  1841 | D:2      | Found a blossoming altar of Fedhas.
  2148 | D:3      | Reached skill level 5 in Spellcasting
  2354 | D:3      | Learned a level 4 spell: Fulminant Prism
  2359 | D:3      | Learned a level 4 spell: Iskenderun's Mystic Blast
  2402 | D:3      | Found a sacrificial altar of Ru.
  2402 | D:3      | Found an opulent altar of Gozag.
  2402 | D:3      | Found a hazy altar of Hepliaklqana.
  2414 | D:3      | Became a worshipper of Hepliaklqana the Forgotten
  2551 | D:3      | Reached skill level 1 in Hexes
  2724 | D:3      | Found an iron altar of Okawaru.
  2898 | D:4      | Reached XP level 6. HP: 19/28 MP: 15/15
  3093 | D:4      | Reached * piety under Hepliaklqana
  3410 | D:4      | Found a staircase to the Ecumenical Temple.
  4074 | D:5      | Entered Level 5 of the Dungeon
  4085 | D:5      | Reached skill level 5 in Dodging
  4085 | D:5      | Reached XP level 7. HP: 18/32 MP: 12/17
  4308 | D:5      | Reached skill level 6 in Spellcasting
  4309 | D:5      | Noticed Sigmund
  4323 | D:5      | Killed Sigmund
  4507 | D:5      | Reached skill level 5 in Stealth
  4507 | D:5      | Reached XP level 8. HP: 28/36 MP: 15/20
  4569 | D:5      | Noticed Ratty's ghost (amateur MiMo)
  4599 | D:5      | Reached ** piety under Hepliaklqana
  4600 | D:5      | Remembered your ancestor Xochitl as a hexer
  4615 | D:5      | Found Keink's Gadget Boutique.
  4678 | D:5      | Found a transporter.
  4682 | D:5      | Found a transporter.
  4694 | D:5      | Reached skill level 7 in Spellcasting
  4840 | D:5      | Found a runed gate.
  4840 | D:5      | Found a runed gate.
  4840 | D:5      | Found a runed gate.
  4855 | D:5      | Found a runed door.
  4864 | D:5      | Found a runed door.
  4866 | D:5      | Found the +9 staff of Olgreb {rPois}
  5269 | D:6      | Reached skill level 1 in Fighting
  5432 | D:6      | Found a sand-covered staircase.
  5438 | Ossuary  | Entered an ossuary
  5687 | Ossuary  | Reached skill level 5 in Hexes
  6290 | D:6      | Reached XP level 9. HP: 43/43 MP: 17/22
  6606 | D:6      | You are sucked into a shaft!
  6614 | D:7      | Reached skill level 8 in Spellcasting
  6645 | D:7      | Found Losiho's Antique Weapon Emporium.
  7281 | D:7      | Reached *** piety under Hepliaklqana
  7613 | D:7      | Noticed a troll
  7700 | D:7      | Killed a troll
  7700 | D:7      | Reached skill level 9 in Spellcasting
  7794 | D:7      | Found the +8 whip "Snakebite" {curare, rPois}
  8297 | D:8      | Reached XP level 10. HP: 50/50 MP: 25/25
  8298 | D:8      | Noticed Gastronok
  8316 | D:8      | Killed from afar by Gastronok

Vault maps used:
D:1:      eino_arrival_cavern_a, minmay_heptomino_o4
D:2:      fedhas_altar_3, kennysheep_generic_room_14, uniq_robin
D:3:      gammafunk_temple_overflow_forgotten, st_stairs_3,
          kennysheep_okawaru_gauntlet
D:4:      temple_hall, serial_co_window_serial, co_window_of_opportunity_a,
          co_window_corner_a, co_window_of_opportunity_a, co_window_corner_a,
          co_window_of_opportunity_a, co_window_corner_a, co_window_corner_a,
          co_window_unsneaky_path_b, co_window_unsneaky_path_a,
          co_window_broadway_a, co_window_corner_cb, glass_columns_a,
          glass_columns_a, glass_columns_a, first_ration
D:5:      minmay_diamond_boxcup, serial_shops, nicolae_shop_stone,
          gammafunk_ghost_hive, minivault_11,
          minmay_guarded_unrand_staff_of_olgreb, uniq_sigmund
D:6:      minmay_general_purpose_star, nicolae_ossuary_entry_plus
D:7:      minmay_the_grid_plus, serial_shops, shop_fountains
D:8:      uniq_gastronok
Ossuary:  ossuary_due_mausoleum

Skill      XL: |  1  2  3  4  5  6  7  8  9 |
---------------+----------------------------+-----
Dodging        | 3 4 5 6 8 |  8.1
Spellcasting   | 4 5 6 7 9 |  9.1
Conjurations   | 5 6 7 8 |  8.5
Hexes          | 2 3 4 5 6 |  6.0
Stealth        | 3 5 6 8 |  8.0
Fighting       | 2 3 |  3.6

Action                   |  1- 3 |  4- 6 |  7- 9 | 10-12 || total
-------------------------+-------+-------+-------+-------++-------
Melee: Dagger            |    43 |   111 |   165 |     4 ||   323
 Cast: Magic Dart        |    47 |    23 |    16 |       ||    86
       Searing Ray       |     2 |    14 |    29 |       ||    45
       Fulminant Prism   |       |       |    15 |     1 ||    16
       Iskenderun's Myst |       |       |     1 |       ||     1
Invok: Ancestor Identity |       |     1 |       |       ||     1
       Recall Ancestor   |       |       |     3 |       ||     3
       Ancestor Life: He |       |       |     1 |       ||     1
  Use: Scroll            |       |       |     8 |       ||     8
 Stab: Sleeping          |     4 |     7 |    10 |     1 ||    22
       Distracted        |       |     1 |     4 |       ||     5
       Confused          |       |       |     2 |       ||     2
  Eat: Chunk             |     1 |     6 |    10 |       ||    17
       Ration            |       |     1 |     1 |       ||     2
Armor: Robe              |     3 |    31 |    39 |       ||    73
Dodge: Dodged            |    27 |   105 |   197 |     5 ||   334

Table legend:
 A = Non-vault XP
 B = Vault XP
 C = Vault XP percentage of total XP
 D = Non-vault monster count
 E = Vault monster count
 F = Vault count percentage of total count
                 A         B        C        D         E       F
            +---------+---------+-------+---------+---------+-------
      Total |    3485 |    2060 |  37.2 |     146 |      69 |  32.1
            +---------+---------+-------+---------+---------+-------
        D:1 |      39 |       7 |  15.2 |      17 |       4 |  19.0
        D:2 |     116 |      34 |  22.7 |      22 |      12 |  35.3
        D:3 |     104 |       6 |   5.5 |      22 |       4 |  15.4
        D:4 |     395 |       0 |   0.0 |       9 |       0 |   0.0
        D:5 |     946 |     275 |  22.5 |      25 |       4 |  13.8
        D:6 |     840 |      33 |   3.8 |      20 |       1 |   4.8
        D:7 |     539 |    1457 |  73.0 |      21 |      17 |  44.7
        D:8 |     506 |       0 |   0.0 |      10 |       0 |   0.0
    Ossuary |       0 |     248 | 100.0 |       0 |      27 | 100.0
            +---------+---------+-------+---------+---------+-------
